 Dungeon Crawl Stone Soup version 0.22-a0-422-g9628fc87f1 (webtiles) character file.

67 D1HalberdGnoll the Digger (level 3, -2/28 HPs)
             Began as a Draconian Earth Elementalist on May 19, 2018.
             Killed from afar by an orc wizard (9 damage)
             ... with a puff of flame
             ... on level 2 of the Dungeon.
             The game lasted 00:02:26 (1599 turns).

D1HalberdGnoll the Digger (DrEE)                    Turns: 1599, Time: 00:02:27

Health: -2/28      AC:  6    Str: 10    XL:     3   Next: 98%
Magic:  0/6        EV: 12    Int: 16    God:
Gold:   61         SH:  0    Dex: 11    Spells: 6/7 levels left

rFire    . . .     SeeInvis .   a - +0 mace
rCold    . . .     Gourm    .   (no shield)
rNeg     . . .     Faith    .   (armour unavailable)
rPois    .         Spirit   .   (helmet restricted)
rElec    .         Reflect  .   (no cloak)
rCorr    .         Harm     .   h - +0 pair of gloves
MR       .....                  (no boots)
Stlth    ++........             (no amulet)
HPRegen  0.09/turn              (no ring)
MPRegen  0.10/turn              (no ring)

@: very slightly contaminated
A: unfitting armour, cold-blooded, AC +5
a: no special abilities


You were on level 2 of the Dungeon.
You were not hungry.

You visited 1 branch of the dungeon, and saw 2 of its levels.

You collected 61 gold pieces.

Inventory:

Hand Weapons
 a - a +0 mace (weapon)
Missiles
 b - 106 stones (quivered)
Armour
 h - a +0 pair of gloves (worn)
Jewellery
 i - an uncursed amulet of the acrobat {unknown}
Scrolls
 d - a scroll of blinking {unknown}
 e - a scroll of enchant weapon {unknown}
 f - a scroll of remove curse {unknown}
 g - 2 scrolls of identify {unknown}
 j - a scroll of fog {unknown}
 l - a scroll of teleportation {unknown}
Comestibles
 c - 4 rations


   Skills:
 + Level 1.4 Fighting
 + Level 2.3 Dodging
 - Level 1.7 Stealth
 + Level 2.5 Spellcasting
   Level 1.0 Transmutations
 * Level 3.8 Earth Magic


You had 6 spell levels left.
You knew the following spells:

 Your Spells              Type           Power        Failure   Level  Hunger
a - Sandblast             Erth           ##....       4%          1    #......

Your spell library contained the following spells:

 Spells                   Type           Power        Failure   Level  Hunger
 Stone Arrow              Conj/Erth      #.....       26%         3    ###....
 Passwall                 Tmut/Erth      #.........   11%         2    ##.....
 Lee's Rapid Deconstruct  Erth           ##........   73%         5    ######.
 Petrify                  Tmut/Erth      #.......     58%         4    #####..


Dungeon Overview and Level Annotations

Branches:
Dungeon (2/15)

Altars:


Innate Abilities, Weirdness & Mutations

Your plain brown scales are hard. (AC +5)
You cannot fit into any form of body armour.
You are cold-blooded and may be slowed by cold attacks.


Message History

b - 106 stones You hit something.
Something hits you but does no damage. Something hits you.
You miss something.
Your tail-slap misses something.
An orc wizard appears from thin air!
Reactivating autopickup.
The orc wizard hits you but does no damage.
You barely miss the orc wizard.
The orc wizard is severely wounded.
The orc wizard gestures at you while chanting.
The puff of flame hits you!
* * * LOW HITPOINT WARNING * * *
You aren't carrying any potions.
Okay, then.
You closely miss the orc wizard. You tail-slap the orc wizard.
The orc wizard is severely wounded.
The orc wizard hits you with a dagger.
* * * LOW HITPOINT WARNING * * *
The orc wizard points at you and mumbles some strange words.
The puff of flame hits you!
You die...

...>...#.# ....##.#.#
### ##.<..#..# #..
#..###.#.# #.#
#.####.#.# #.#
#.#....#.# #.#
#.#.#....# #.#
#.#.#....#
#.###########
#.#.#...##
#...@oor.....
#.#.##.##
#..######.###
#.#.##.# #...##
..#....## #....#
..#.....#####....#...
##.#.........)...#.#
#.....#.#####....#.#
#.#.#.#.# ######.#
......#.# ....#


You could see an orc wizard, an orc and a rat.

Vanquished Creatures
  An adder (D:2)
  An ooze (D:1)
  A worm (D:2)
  2 dart slugs (D:1)
  A leopard gecko (D:2)
  2 orcs (D:2)
  A ball python (D:1)
  3 bats
  A giant cockroach (D:2)
  2 goblins (D:1)
  4 hobgoblins
  9 jackals
  4 frilled lizards
  5 kobolds
  3 rats (D:1)
40 creatures vanquished.

Vanquished Creatures (others)
  An adder (D:2)
1 creature vanquished.

Grand Total: 41 creatures vanquished

Notes
Turn   | Place    | Note
-------+----------+-------------------------------------------
     0 | D:1      | D1HalberdGnoll the Draconian Earth Elementalist began the quest for the Orb.
     0 | D:1      | Reached XP level 1. HP: 14/14 MP: 3/3
   427 | D:1      | Reached XP level 2. HP: 16/22 MP: 1/5
   620 | D:1      | Reached skill level 1 in Fighting
   836 | D:1      | Reached XP level 3. HP: 28/28 MP: 4/6
  1599 | D:2      | Killed from afar by an orc wizard

Vault maps used:
D:1:      dpeg_arrival_fog, serial_bayou_lagoon_b
D:2:      elyvilon_altar_4, serial_co_window_serial, co_window_paths_b,
          co_window_corner_a, co_window_paths_a, co_window_corner_a,
          co_window_corner_a, co_window_of_opportunity_a, co_window_paths_b,
          co_window_cross_1, co_window_paths_b, co_window_corner_b,
          co_window_broadway_a, co_window_of_opportunity_c,
          co_window_unsneaky_path_d, co_window_corner_ca, co_window_broadway_b,
          glass_columns_b, glass_columns_b, glass_columns_b, glass_columns_c,
          glass_columns_a

Skill      XL: |  1  2 |
---------------+-------+-----
Dodging        | 2 |  2.3
Fighting       | 1 |  1.4
Stealth        | |  1.7
Spellcasting   | |  2.5
Transmutations | |  1.0
Earth Magic    | |  3.8

Action                   || total
-------------------------++-------
Melee: Mace              ||    54
       Tailslap          ||     6
 Cast: Sandblast         ||    60
  Eat: Chunk             ||     3
Armor: Skin              ||    24
Dodge: Dodged            ||    67

Table legend:
 A = Spawn XP
 B = Non-spawn XP
 C = Spawn XP percentage of total XP
 D = Spawn monster count
 E = Non-spawn monster count
 F = Spawn count percentage of total count
 G = Total turns spent on level
                    A         B        C        D         E        F      G
               +---------+---------+-------+---------+---------+-------+---------
         Total |       0 |      96 |   0.0 |       0 |      40 |   0.0 |  1599
               +---------+---------+-------+---------+---------+-------+---------
           D:1 |       0 |      44 |   0.0 |       0 |      21 |   0.0 |  1154
           D:2 |       0 |      52 |   0.0 |       0 |      19 |   0.0 |   445
               +---------+---------+-------+---------+---------+-------+---------
